 Dungeon Crawl Stone Soup version 0.27.1-34-g3ba077fa99 (webtiles) character file.

Game seed: 13312171141267555318

381170 leviel the Slayer (level 22, -3/213 HPs)
             Began as a Hill Orc Fighter on Jan 8, 2022.
             Was the Champion of the Shining One.
             Shot with a bolt by a yaktaur captain (27 damage)
             ... on level 5 of the Vaults on Jan 9, 2022.
             The game lasted 01:38:30 (54778 turns).

leviel the Slayer (Hill Orc Fighter)               Turns: 54778, Time: 01:38:30

Health: -3/213     AC: 38    Str: 27    XL:     22   Next: 89%
Magic:  33/33      EV: 12    Int: 14    God:    the Shining One [******]
Gold:   1583       SH: 15    Dex: 14    Spells: 21/21 levels left

rFire    + + .     SeeInvis .   a - +8 mithril axe "Arga" {speed, Will+}
rCold    . . .     Faith    .   c - +0 kite shield
rNeg     + + +     Spirit   .   n - +10 plate armour
rPois    .         Reflect  .   C - +2 hat
rElec    .         Harm     .   v - +0 cloak
rCorr    +         Rampage  .   E - +2 pair of gloves {Stlth+}
Will     ++...                  z - +0 pair of boots
Stlth    ..........             q - amulet of Rank {RegenMP rF+ Str+2}
HPRegen  0.45/turn              K - ring "Sunaus" {rN+ rCorr Stlth+}
MPRegen  0.48/turn              d - ring of Piatif {rF+ rN+ Int+4 Slay+3}

@: glowing, studying Shields
A: agile 1, screaming 1
}: 2/15 runes: decaying, serpentine
a: Renounce Religion, Divine Shield, Cleansing Flame, Summon Divine Warrior,
Brand Weapon With Holy Wrath


You were on level 5 of the Vaults.
You worshipped the Shining One.
The Shining One was exalted by your worship.
You visited 7 branches of the dungeon, and saw 36 of its levels.
You also visited: Sewer, Bailey, Gauntlet and Ice Cave.

You collected 4387 gold pieces.
You spent 2804 gold pieces at shops.

Inventory:

Hand Weapons
 a - the +8 mithril axe "Arga" (weapon) {speed, Will+}
   (You found it in a Gauntlet)

   Attacks with this weapon are significantly faster.
   Will:      It increases your willpower.
 b - a +0 hand axe of flaming
 F - a +3 battleaxe of flaming
 J - a +2 battleaxe of freezing
 L - a +8 war axe of electrocution
Missiles
 g - 11 javelins
 x - 9 throwing nets
 D - 20 silver boomerangs
 T - 6 silver javelins
Armour
 c - a +0 kite shield (worn)
 n - a +10 plate armour (worn)
 v - a +0 cloak (worn)
 z - a +0 pair of boots (worn)
 C - a +2 hat (worn)
 E - a +2 pair of gloves of stealth (worn)
Jewellery
 d - the ring of Piatif (right hand) {rF+ rN+ Int+4 Slay+3}
   (You acquired it in a bailey)

   [ring of protection from fire]

   Int:       It affects your intelligence (+4).
   Slay:      It affects your accuracy & damage with ranged weapons and melee
   (+3).
   rF:        It protects you from fire.
   rN:        It protects you from negative energy.
 j - a ring of protection from fire
 q - the amulet of Rank (around neck) {RegenMP rF+ Str+2}
   (You took it off a vault guard on level 3 of the Vaults)

   [amulet of magic regeneration]

   It increases your rate of magic regeneration.
   Str:       It affects your strength (+2).
   rF:        It protects you from fire.
 r - a ring of flight
 y - a ring of ice
 K - the ring "Sunaus" (left hand) {rN+ rCorr Stlth+}
   (You found it in a Gauntlet)

   [ring of positive energy]

   rN:        It protects you from negative energy.
   rCorr:     It protects you from acid and corrosion.
   Stlth:     It makes you more stealthy.
Wands
 e - a wand of charming (24)
 i - a wand of iceblast (66)
 k - a wand of digging (2)
 l - a wand of polymorph (16)
 A - a wand of flame (111) (quivered)
 I - a wand of paralysis (11)
 O - a wand of mindburst (10)
Scrolls
 f - 25 scrolls of identify
 m - 12 scrolls of teleportation
 B - 2 scrolls of fog
 H - a scroll of fear
 Q - a scroll of brand weapon
 S - a scroll of magic mapping
Potions
 h - 12 potions of curing
 s - 3 potions of haste
 t - 6 potions of brilliance
 u - 3 potions of flight
 w - a potion of magic
 G - 2 potions of ambrosia
Miscellaneous
 M - a box of beasts
 N - a phantom mirror


   Skills:
 + Level 21.3 Fighting
 - Level 18.1 Axes
 - Level 12.0 Throwing
 + Level 20.0 Armour
 + Level 10.1 Dodging
 - Level 0.2 Stealth
 - Level 15.0 Shields
 - Level 15.0 Invocations
 - Level 14.0 Evocations


You had 21 spell levels left.
You didn't know any spells.
Your spell library contained the following spells:

 Spells                   Type           Power      Damage    Failure   Level
 Beastly Appendage        Tmut           0%         N/A       80%         1
 Foxfire                  Conj/Fire      0%         2x1d4     80%         1
 Freeze                   Ice            0%         1d3       80%         1
 Shock                    Conj/Air       0%         1d3       80%         1
 Static Discharge         Conj/Air       0%         N/A       90%         2
 Wereblood                Tmut           0%         N/A       90%         2
 Call Canine Familiar     Summ           0%         N/A       99%         3
 Conjure Flame            Conj/Fire      0%         6-21      99%         3
 Frozen Ramparts          Ice            0%         1d2       99%         3
 Gell's Gravitas          Tloc           0%         N/A       99%         3
 Inner Flame              Hex/Fire       0%         N/A       99%         3
 Ozocubu's Armour         Ice            0%         N/A       99%         3
 Portal Projectile        Hex/Tloc       0%         N/A       99%         3
 Swiftness                Air            0%         N/A       99%         3
 Teleport Other           Tloc           0%         N/A       99%         3
 Tukima's Dance           Hex            0%         N/A       99%         3
 Airstrike                Air            0%         N/A       100%        4
 Dispel Undead            Necr           0%         3d6       100%        4
 Fulminant Prism          Conj/Hex       0%         3d6       100%        4
 Hailstorm                Conj/Ice       0%         3d3       100%        4
 Ice Form                 Ice/Tmut       0%         N/A       100%        4
 Iskenderun's Mystic Bla  Conj/Tloc      0%         2d3       100%        4
 Leda's Liquefaction      Hex/Erth       0%         N/A       100%        4
 Passage of Golubria      Tloc           N/A        N/A       100%        4
 Petrify                  Tmut/Erth      0%         N/A       100%        4
 Sticky Flame             Conj/Fire      0%         2d3       100%        4
 Alistair's Intoxication  Tmut/Pois      0%         N/A       100%        5
 Lee's Rapid Deconstruct  Erth           0%         3d5*      100%        5
 Metabolic Englaciation   Hex/Ice        0%         N/A       100%        5
 Yara's Violent Unravell  Hex/Tmut       0%         3d3       100%        5
 Dispersal                Tloc           0%         N/A       100%        6
 Simulacrum               Ice/Necr       0%         N/A       100%        6
 Statue Form              Tmut/Erth      0%         N/A       100%        6
 Dragon Form              Tmut           0%         N/A       100%        7
 Ozocubu's Refrigeration  Ice            0%         4d5       100%        7


Dungeon Overview and Level Annotations

Branches:
Dungeon (15/15)            Temple (1/1) D:4            Lair (5/6) D:9
  Swamp (4/4) Lair:3        Snake (4/4) Lair:2          Orc (2/2) D:12
    Elf (0/3) Orc:2        Vaults (5/5) D:14          Crypt (0/3) Vaults:3
 Depths (0/5) D:15          Sewer (visited)          Bailey (visited)
  IceCv (visited)         Gauntlet (visited)
  Slime: Lair:5-6

Altars:
Ashenzari
Cheibriados
Dithmenos
Elyvilon
Fedhas
Gozag
Hepliaklqana
Kikubaaqudgha
Makhleb
Nemelex Xobeh
Okawaru
Qazlal
Ru
Sif Muna
Trog
Uskayaw
Vehumet
Wu Jian
Xom
Yredelemnul
Zin
The Shining One
Beogh

Shops:
D:10 [   D:15 (   Orc:2 [:?[   Snake:1 *   Snake:4 (   Vaults:2 (

Portals:
Desolation: Vaults:4

Annotations:
D:9 2 transporters, Fek's ghost, novice GrBe
Lair:1 1 runed translucent door, pkoi's ghost, journeyman DrMo
Vaults:4 3 runed translucent doors, tamionv's ghost, adept GrFi
Vaults:5 Margery


Innate Abilities, Weirdness & Mutations

You are agile. (Dex +2)
You occasionally shout uncontrollably at your foes.


Message History

You slice the hell knight!! You block the hell knight's attack.
You slash the sphinx!
The sphinx is moderately wounded.
You slash the hell knight! You hit the sphinx.
The sphinx is heavily wounded.
You hit the hell knight. The sphinx completely misses you.
The sphinx hits you but does no damage. You block the sphinx's attack.
You slice the sphinx!!
The sphinx is severely wounded.
You slice the vault warden!! You slice the sphinx!!
The sphinx is almost dead.
You hit the vault warden but do no damage.
The sphinx mumbles some strange words.
Something smites you!
* * * LOW HITPOINT WARNING * * *
A vault sentinel comes into view. It is wielding a +0 falchion.
Your surroundings suddenly seem different.
A golden dragon comes into view.
The golden dragon roars deafeningly!
You hear a shout! x3
A tengu reaver comes into view.
It is wielding a +1 dire flail of protection.
The vault sentinel moves out of view.
You hear a shout! x4
The tengu reaver shouts!
You hear a shout!
You hear a deafening roar!
Your extra speed is starting to run out.
You feel better.
You feel yourself slow down.
The tengu reaver points at you and mumbles some strange words.
The bolt of fire hits you! You resist.
* * * LOW HITPOINT WARNING * * *
Found 19 gold pieces.
Found a glowing long sword.
As you read the scroll of fog, it crumbles to dust.
The scroll dissolves into smoke.
You feel a little less mighty now.
The yaktaur captain shouts!
The yaktaur captain shoots a bolt.
The bolt hits you but does no damage.
You feel better.
The yaktaur captain shoots a bolt.
The bolt hits you!!
You die...

#....# #.c..# #....#
#....# #...)#
......#....# .....#§.§§#
....#@§§.# ...#.§§.#
#..#§§§.# #..#§§§.#
#..#§§§$#.. #..§§§§....#
##############........##
........Q...............
........................


You could see a yaktaur captain.

Vanquished Creatures
  Vashnia (Snake:3)
  Jorgrun (Orc:1)
  A tentacled monstrosity (Swamp:4)
  Rupert (D:15)
  3 sphinxes
  Kirke (D:12)
  3 thorn hunters
  2 tengu reavers (D:14)
  A storm dragon (Vaults:3)
  9 nagarajas
  7 fenstrider witches
  An orc warlord (Orc:1)
  12 vault wardens
  2 frost giants
  Aizul (Vaults:1)
  A juggernaut zombie (Swamp:2)
  A ghoul (Swamp:4)
  11 very ugly things
  18 ironbound preservers
  5 war gargoyles
  4 entropy weavers
  4 bunyips
  8 dire elephants
  A minotaur (Gauntlet)
  Snorg (Lair:3)
  2 eleionomae
  3 crystal guardians
  2 ettins
  2 shambling mangroves
  A green death (Swamp:4)
  3 great orbs of eyes
  A fire dragon (D:15)
  14 naga warriors
  An ice dragon (D:15)
  24 vault guards
  13 yaktaur captains
  16 hydras
  6 ironbound thunderhulks
  2 boulder beetles (Vaults:1)
  Fannar (Lair:2)
  6 peacekeepers
  The ghost of pkoi the Grappler, a journeyman DrMo of Okawaru (D:10)
  A salamander tyrant (Snake:2)
  Harold (D:8)
  The ghost of zeram the Thaumaturge, a journeyman GnFE of Gozag (Lair:2)
  4 ghost crabs
  15 ironbound frosthearts
  A spriggan air mage (Swamp:4)
  15 centaur warriors
  6 alligators
  10 anacondas
  2 ogre magi
  4 death knights
  9 two-headed ogres
  13 death yaks
  Erica (Lair:2)
  A shock serpent (shapeshifter) (Vaults:3)
  2 deep troll earth magi
  7 shock serpents
  9 ironbound beastmasters
  Sonja (Orc:1)
  9 naga sharpshooters
  2 bunyip zombies (Swamp:2)
  A salamander mystic (Snake:2)
  A hell knight (D:14)
  3 sixfirhies
  A shadow wraith (Vaults:3)
  5 spriggan druids
  A sea snake (shapeshifter) (Vaults:4)
  8 skeletal warriors
  3 swamp dragons
  4 goliath frogs
  4 sea snakes (Snake:4)
  42 deep trolls
  2 naga ritualists
  2 phantasmal warriors (Vaults:2)
  10 lindwurms
  10 orc knights
  15 wizards
  8 bog bodies
  10 ironbound convokers
  A spectral wolf spider (D:10)
  5 necromancers
  6 harpies
  A manticore (D:13)
  6 deep elf pyromancers
  A deep elf zephyrmancer (Swamp:4)
  An oklob plant (Gauntlet)
  9 salamanders
  7 orc sorcerers
  5 cyclopes
  4 mana vipers
  4 will-o-the-wisps
  A salamander (shapeshifter) (D:15)
  32 ugly things
  A cyclops (shapeshifter) (Vaults:5)
  19 black mambas
  15 vault sentinels
  An ice statue (IceCv)
  15 naga magi
  An eye of devastation (Gauntlet)
  9 guardian serpents
  A titan simulacrum (Vaults:3)
  9 cane toads
  3 rime drakes
  2 orange demons (Swamp:4)
  2 unseen horrors
  A kobold demonologist (D:14)
  6 komodo dragons
  4 efreet
  4 freezing wraiths
  30 yaktaurs
  2 tengu conjurers
  2 human skeletons (Vaults:3)
  5 trolls
  3 bloated husks
  13 polar bears
  13 tyrant leeches
  12 hornets
  18 slime creatures
  12 blink frogs
  A stone giant simulacrum (Vaults:3)
  Sigmund (D:2)
  A water elemental (D:14)
  3 shadows
  10 spriggans
  A tarantella (Vaults:1)
  3 vampires
  4 redbacks
  A hog (D:12)
  5 wraiths
  46 yaks
  3 wyverns
  A steam dragon (D:9)
  6 basilisks
  19 humans (D:14)
  11 vampire mosquitoes
  A golden eye (Gauntlet)
  2 neqoxecs (Swamp:4)
  Eustachio (D:6)
  A chaos spawn (Swamp:4)
  11 swamp worms
  Menkaure (D:4)
  47 nagas
  5 wargs
  Duvessa (D:6)
  2 acid dragons
  17 water moccasins
  2 hornet zombies (Swamp:2)
  50 orc warriors
  3 swamp drakes
  2 ice beasts
  A meliai simulacrum (D:10)
  A black bear (D:7)
  22 wolves
  A necrophage (D:7)
  10 ogres
  10 centaurs
  2 phantoms
  11 bullfrogs
  4 kobold brigands (D:12)
  5 gnoll sergeants
  A scorpion (D:5)
  An ogre simulacrum (Vaults:3)
  Dowan (D:6)
  A water moccasin skeleton (D:5)
  5 killer bees (D:9)
  3 wights (D:8)
  4 howler monkeys
  4 centaur zombies
  A jelly (D:7)
  A gnoll shaman (D:7)
  6 orc priests
  A hound (D:4)
  4 centaur skeletons
  3 iguanas
  14 orc wizards
  A howler monkey zombie (D:8)
  A mummy (D:10)
  31 gnolls
  4 adders
  A howler monkey skeleton (D:7)
  A white imp (D:7)
  5 worms
  A dart slug (D:1)
  100 orcs
  5 ball pythons
  3 endoplasms
  6 giant cockroaches
  5 hobgoblins
  14 kobolds
  5 quokkas
  3 training dummies (Snake:4)
  11 bats
  9 frilled lizards
  8 goblins
  3 rats
  4 briar patches
1328 creatures vanquished.

Vanquished Creatures (collateral kills)
  Nessos (Lair:4)
  2 vault guards (Vaults:5)
  An anaconda (Snake:2)
  A deep troll (Vaults:5)
  A black mamba (Snake:2)
  A cane toad (Lair:4)
7 creatures vanquished.

Vanquished Creatures (others)
  A tyrant leech (Swamp:2)
  A bloated husk (Swamp:1)
  A water moccasin (D:9)
  4 briar patches (Swamp:2)
  16 foxfires
  27 fungi
  29 plants
79 creatures vanquished.

Grand Total: 1414 creatures vanquished

Notes
Turn   | Place    | Note
-------+----------+-------------------------------------------
     0 | D:1      | leviel the Hill Orc Fighter began the quest for the Orb.
     0 | D:1      | Reached XP level 1. HP: 19/19 MP: 1/1
   175 | D:1      | Reached XP level 2. HP: 27/27 MP: 2/2
   476 | D:1      | Found a faded altar of an unknown god.
  1156 | D:2      | Reached XP level 3. HP: 29/33 MP: 3/3
  1713 | D:1      | Reached XP level 4. HP: 34/40 MP: 4/4
  1855 | D:2      | Noticed Sigmund
  1861 | D:2      | Killed Sigmund
  1862 | D:2      | Reached skill level 4 in Fighting
  1862 | D:2      | Reached skill level 5 in Axes
  1862 | D:2      | Reached XP level 5. HP: 36/46 MP: 5/5
  1862 | D:2      | Reached XP level 6. HP: 40/52 MP: 6/6
  2545 | D:3      | Found a glowing drain.
  2560 | Sewer    | Entered a sewer
  2798 | Sewer    | Reached XP level 7. HP: 24/60 MP: 7/7
  3331 | D:3      | Gained mutation: You occasionally shout uncontrollably at
                  | your foes. [potion of mutation]
  4266 | D:4      | Found a staircase to the Ecumenical Temple.
  4285 | Temple   | Entered the Ecumenical Temple
  4447 | Temple   | Became a worshipper of the Shining One
  4471 | D:4      | Reached skill level 5 in Armour
  4656 | D:4      | Noticed Menkaure
  4668 | D:4      | Killed Menkaure
  4669 | D:4      | Reached skill level 1 in Dodging
  5353 | D:5      | Entered Level 5 of the Dungeon
  5372 | D:5      | Reached skill level 5 in Fighting
  5372 | D:5      | Reached skill level 1 in Invocations
  5395 | D:5      | Reached XP level 8. HP: 65/68 MP: 6/9
  5896 | D:5      | Found a burning altar of Makhleb.
  5896 | D:5      | Found a faded altar of an unknown god.
  5899 | D:5      | Reached skill level 5 in Shields
  5906 | D:5      | Found a faded altar of an unknown god.
  5908 | D:5      | Found a sparkling altar of Nemelex Xobeh.
  5910 | D:5      | Found a sacrificial altar of Ru.
  6286 | D:6      | Reached * piety under the Shining One
  6295 | D:6      | Noticed Duvessa
  6295 | D:6      | Noticed Dowan
  6305 | D:6      | Killed Duvessa
  6321 | D:6      | Killed Dowan
  6522 | D:6      | Reached skill level 6 in Fighting
  6553 | D:6      | Reached skill level 10 in Axes
  6553 | D:6      | Reached XP level 9. HP: 74/75 MP: 9/11
  6572 | D:6      | Noticed Eustachio
  6589 | D:6      | Killed Eustachio
  7608 | D:7      | Reached skill level 5 in Invocations
  7692 | D:7      | Reached skill level 7 in Fighting
  7926 | D:7      | Identified a scroll of acquirement
  7926 | D:7      | Acquired 524 gold pieces
  8176 | D:8      | Reached ** piety under the Shining One
  8402 | D:8      | Noticed Harold
  8423 | D:8      | Killed Harold
  8424 | D:8      | Reached XP level 10. HP: 50/88 MP: 7/14
  9365 | D:9      | Reached skill level 8 in Fighting
  9848 | D:9      | Found a staircase to the Lair.
  9925 | D:9      | Noticed Fek's ghost (novice GrBe)
  9926 | D:9      | Noticed a yaktaur captain
  9927 | D:9      | Found a transporter.
 10073 | D:9      | Found a transporter.
 10262 | D:9      | Found a hide-covered altar of Uskayaw.
 10559 | D:10     | Entered Level 10 of the Dungeon
 10668 | D:10     | Noticed pkoi's ghost (journeyman DrMo)
 10670 | D:10     | Noticed a death knight
 10671 | D:10     | Found a transporter.
 10712 | D:10     | Found a transporter.
 10737 | D:10     | Noticed a spectral wolf spider
 10737 | D:10     | Reached *** piety under the Shining One
 10844 | D:10     | Reached XP level 11. HP: 91/95 MP: 16/16
 11219 | D:10     | Found Wyrosul's Antique Armour Emporium.
 11235 | D:10     | Bought a pair of embroidered gloves for 210 gold pieces
 11871 | D:10     | Killed pkoi's ghost
 11875 | D:10     | Reached skill level 9 in Fighting
 11885 | D:10     | Killed a death knight
 11893 | D:10     | Identified the +6 falchion "Fiyxoxi" {vorpal, rC- Dex+4
                  | SInv}
 12204 | D:11     | Noticed a centaur warrior
 12222 | D:11     | Killed a centaur warrior
 12583 | D:11     | Found a stormy altar of Qazlal.
 13007 | D:12     | Found a flagged portal.
 13022 | Bailey   | Entered a bailey
 13379 | Bailey   | Reached **** piety under the Shining One
 13793 | Bailey   | Reached XP level 12. HP: 105/106 MP: 18/18
 13862 | Bailey   | Acquired the ring of Piatif {rF+ rN+ Int+4 Slay+3}
 14172 | D:12     | Reached skill level 10 in Fighting
 14235 | D:12     | Noticed Kirke
 14254 | D:12     | Killed Kirke
 14255 | D:12     | Reached skill level 15 in Axes
 14532 | D:12     | Found a staircase to the Orcish Mines.
 14828 | D:12     | Reached skill level 10 in Invocations
 14858 | D:12     | Reached skill level 10 in Shields
 15058 | D:12     | Noticed a two-headed ogre
 15065 | D:12     | Killed a two-headed ogre
 15066 | D:12     | Reached skill level 10 in Armour
 15776 | D:13     | Reached ***** piety under the Shining One
 15791 | D:13     | Reached XP level 13. HP: 111/115 MP: 20/20
 15901 | D:14     | Reached skill level 11 in Fighting
 16363 | D:14     | Found a gate to the Vaults.
 16363 | D:14     | Noticed a vault guard
 16377 | D:14     | Paralysed by a human for 7 turns
 16386 | D:14     | Killed a vault guard
 17093 | D:14     | Noticed a frost giant
 17095 | D:14     | Reached skill level 12 in Fighting
 17103 | D:14     | The Shining One protects you from harm!
 17136 | D:14     | Killed a frost giant
 17498 | D:14     | Noticed a sphinx
 17516 | D:14     | Killed a sphinx
 17878 | Orc:1    | Entered Level 1 of the Orcish Mines
 17889 | Orc:1    | Noticed Sonja
 17891 | Orc:1    | Noticed Jorgrun
 17892 | Orc:1    | Killed Sonja
 17906 | Orc:1    | Killed Jorgrun
 17907 | Orc:1    | Reached XP level 14. HP: 81/127 MP: 16/23
 17921 | Orc:1    | Noticed an orc warlord
 17945 | Orc:1    | Killed an orc warlord
 18735 | Orc:2    | Entered Level 2 of the Orcish Mines
 18828 | Orc:2    | Found a staircase to the Elven Halls.
 19390 | Orc:2    | Found Xifudd's Book Boutique.
 19390 | Orc:2    | Found Hokh's Antique Armour Shoppe.
 19448 | Orc:2    | Found a roughly hewn altar of Beogh.
 19608 | Orc:1    | Reached skill level 13 in Fighting
 20174 | Orc:2    | Found a roughly hewn altar of Beogh.
 20532 | Orc:2    | Found Fexkeyt's Antique Armour Boutique.
 20532 | Orc:2    | Found Wuih's Magic Scroll Shoppe.
 20546 | Orc:2    | Bought a scroll of brand weapon for 260 gold pieces
 20546 | Orc:2    | Bought a scroll of teleportation for 39 gold pieces
 20546 | Orc:2    | Bought a scroll of enchant weapon for 97 gold pieces
 20546 | Orc:2    | Bought a scroll of teleportation for 39 gold pieces
 20546 | Orc:2    | Bought a scroll of fear for 45 gold pieces
 20546 | Orc:2    | Bought a scroll of magic mapping for 45 gold pieces
 20546 | Orc:2    | Bought a scroll of teleportation for 39 gold pieces
 20732 | Lair:1   | Entered Level 1 of the Lair of Beasts
 20794 | Lair:1   | Found a gate leading to a gauntlet.
 20804 | Gauntlet | Entered a Gauntlet
 20804 | Gauntlet | Found a transporter.
 20804 | Gauntlet | Found a transporter.
 20820 | Gauntlet | Found a transporter.
 20825 | Gauntlet | Found a transporter.
 20832 | Gauntlet | Found a transporter.
 20836 | Gauntlet | Found a transporter.
 20844 | Gauntlet | Found a transporter.
 20859 | Gauntlet | Found a runed translucent gate.
 20860 | Gauntlet | Found a transporter.
 20860 | Gauntlet | Found a runed translucent gate.
 20861 | Gauntlet | Found a runed translucent gate.
 20862 | Gauntlet | Noticed a balrug
 20874 | Gauntlet | Found a transporter.
 20878 | Gauntlet | Found a transporter.
 20882 | Gauntlet | Found a runed translucent door.
 20882 | Gauntlet | Found a runed translucent door.
 20886 | Gauntlet | Found a transporter.
 20890 | Gauntlet | Found a transporter.
 21288 | Gauntlet | Identified the amulet "Nyz Fiti" {RegenMP rPois Int+6 Dex-4
                  | SInv}
 21336 | Gauntlet | Identified the ring "Lodoy" {Ice rElec rPois Str-4 Stlth+}
 21359 | Gauntlet | Found the +8 mithril axe "Arga" {speed, Will+}
 21363 | Gauntlet | Identified the ring "Sunaus" {rN+ rCorr Stlth+}
 21585 | Lair:1   | Found a runed translucent door.
 22283 | Lair:1   | Noticed pkoi's ghost (journeyman DrMo)
 22356 | Lair:2   | Found a runed translucent gate.
 22533 | Lair:2   | Found a staircase to the Snake Pit.
 22554 | Lair:2   | Paralysed by a hornet for 2 turns
 22560 | Lair:2   | Reached skill level 15 in Shields
 22760 | Lair:2   | Noticed zeram's ghost (journeyman GnFE)
 22817 | Lair:2   | Found a runed translucent gate.
 22818 | Lair:2   | Found a runed translucent gate.
 22953 | Lair:2   | Noticed Erica
 22967 | Lair:2   | Killed Erica
 23285 | Lair:2   | Reached skill level 1 in Evocations
 23460 | Lair:2   | Noticed Fannar
 23471 | Lair:2   | Killed Fannar
 23472 | Lair:2   | Reached skill level 1 in Throwing
 23472 | Lair:2   | Reached XP level 15. HP: 78/137 MP: 25/25
 23835 | Lair:2   | Killed zeram's ghost
 23976 | Lair:3   | Noticed Snorg
 23989 | Lair:3   | Killed Snorg
 24522 | Lair:3   | Found a staircase to the Swamp.
 24885 | Lair:4   | Reached ****** piety under the Shining One
 25045 | Lair:4   | Reached skill level 14 in Fighting
 25185 | Lair:4   | Noticed Nessos
 25217 | Lair:4   | Killed Nessos
 25425 | Lair:4   | Found a frozen archway.
 25481 | IceCv    | Entered an ice cave
 25856 | IceCv    | Reached skill level 15 in Invocations
 27449 | Lair:5   | Reached XP level 16. HP: 128/147 MP: 27/27
 27841 | Lair:5   | Identified the +2 trident of Reason {venom, rF+ Stlth+}
 27998 | Snake:1  | Entered Level 1 of the Snake Pit
 28347 | Swamp:1  | Entered Level 1 of the Swamp
 28426 | Snake:1  | Reached skill level 5 in Evocations
 29624 | Snake:1  | Reached skill level 5 in Throwing
 30106 | Snake:1  | Found Eadelual's Eclectic Emporium.
 30130 | Snake:1  | Reached skill level 15 in Fighting
 30206 | Snake:1  | Bought a potion of experience for 700 gold pieces
 30206 | Snake:1  | Bought a manual of Evocations for 1120 gold pieces
 30206 | Snake:1  | Bought a scroll of enchant armour for 105 gold pieces
 30206 | Snake:1  | Bought a scroll of enchant weapon for 105 gold pieces
 30206 | Snake:1  | Reached XP level 17. HP: 156/156 MP: 28/28
 33324 | Snake:3  | Noticed Vashnia
 33926 | Snake:3  | Killed Vashnia
 33927 | Snake:3  | Reached XP level 18. HP: 95/166 MP: 29/29
 34139 | Snake:3  | Reached skill level 10 in Evocations
 34673 | Snake:4  | Entered Level 4 of the Snake Pit
 34948 | Snake:4  | Found Dudoxaxt's Firing Range.
 35503 | Snake:4  | Reached skill level 16 in Fighting
 35503 | Snake:4  | Reached skill level 15 in Armour
 37333 | Snake:4  | Got a serpentine rune of Zot
 37671 | D:14     | Got the Catalogue of Shifting Envenoming
 37998 | D:14     | Identified the amulet "Trusted Companion" {Acrobat rElec
                  | rCorr}
 38377 | D:14     | Identified the +5 chain mail of Servitude {Harm}
 38621 | D:15     | Entered Level 15 of the Dungeon
 38768 | D:15     | Noticed Rupert
 38860 | D:15     | Killed Rupert
 39446 | D:15     | Found Syffiripn's Weapon Shop.
 39551 | D:15     | Reached XP level 19. HP: 174/174 MP: 30/30
 39606 | D:15     | Found a staircase to the Depths.
 40388 | Swamp:1  | Reached skill level 17 in Fighting
 42562 | Swamp:2  | Found an ancient bone altar of Kikubaaqudgha.
 43998 | Swamp:4  | Entered Level 4 of the Swamp
 44178 | Swamp:4  | Reached skill level 10 in Throwing
 44897 | Swamp:4  | Gained mutation: You are agile. (Dex +2) [a neqoxec]
 44949 | Swamp:4  | Noticed a tentacled monstrosity
 44959 | Swamp:4  | Killed a tentacled monstrosity
 44960 | Swamp:4  | Reached skill level 18 in Fighting
 45469 | Swamp:4  | Reached XP level 20. HP: 147/187 MP: 31/31
 45592 | Swamp:4  | Got a decaying rune of Zot
 45986 | Vaults:1 | Entered Level 1 of the Vaults
 48304 | Vaults:1 | Reached skill level 5 in Dodging
 48561 | Vaults:1 | Noticed Aizul
 48617 | Vaults:1 | Killed Aizul
 48618 | Vaults:1 | Reached skill level 19 in Fighting
 49030 | Vaults:2 | Reached XP level 21. HP: 180/198 MP: 32/32
 49629 | Vaults:2 | Paralysed by a great orb of eyes for 2 turns
 50949 | Vaults:2 | Found Vuodo's Weapon Emporium.
 51449 | Vaults:2 | Reached skill level 20 in Fighting
 51920 | Vaults:3 | Reached XP level 22. HP: 163/209 MP: 33/33
 51922 | Vaults:3 | Identified the amulet of Rank {RegenMP rF+ Str+2}
 52689 | Vaults:3 | Found a staircase to the Crypt.
 54318 | Vaults:4 | Found a runed translucent gate.
 54318 | Vaults:4 | Found a runed translucent gate.
 54321 | Vaults:4 | Noticed tamionv's ghost (adept GrFi)
 54344 | Vaults:4 | Found a crumbling gateway.
 54430 | Vaults:4 | Found a runed translucent gate.
 54488 | Vaults:4 | Reached skill level 21 in Fighting
 54659 | Vaults:5 | Entered Level 5 of the Vaults
 54661 | Vaults:5 | Identified the +1 tower shield of Dogma {rC- Str+4 Int+3}
 54679 | Vaults:5 | Reached skill level 10 in Dodging
 54689 | Vaults:5 | HP: 8/213 [vault guard (16)]
 54689 | Vaults:5 | The Shining One protects you from harm!
 54717 | Vaults:5 | Noticed a golden dragon
 54737 | Vaults:5 | Noticed Margery
 54748 | Vaults:5 | HP: 3/213 [sphinx/divine providence (13)]
 54749 | Vaults:5 | Noticed a golden dragon
 54767 | Vaults:5 | HP: 8/213 [tengu reaver/bolt of fire (11)]
 54778 | Vaults:5 | Shot with a bolt by a yaktaur captain

Illustrated notes

Levels and vault maps discovered:
D:1:      saegor_arrival_simple_d, layout_basic, serial_curves, eino_curves_04,
          eino_curves_04, shapermc_ecumenical_altar_venn
D:2:      layout_basic, hangedman_abyss_or_decor_lesser_grid, uniq_sigmund
D:3:      minmay_inner_zag, layout_basic, cheibrodos_sewer_entry_drain,
          minmay_misc_feat_encased
D:4:      layout_loops_ring, minmay_temple_entry_ruins, uniq_menkaure
D:5:      layout_basic, chequers_temple_overflow_minitemple,
          kennysheep_generic_room_16
D:6:      layout_rooms, minmay_misc_feat_iff, uniq_duvessa, uniq_eustachio
D:7:      layout_basic
D:8:      layout_loops_ring, uniq_harold
D:9:      layout_stronghold, mainiacjoe_overflow_concentric_impassable,
          lair_entry_dummy, gammafunk_ghost_arena, grunt_decor_arrowhead
D:10:     layout_layer_cave, gammafunk_ghost_mausoleum, serial_shops, shop,
          minmay_unpleasant_kobolds
D:11:     layout_irregular_city, grunt_ministairs_10,
          nicolae_qazlal_general_emergency
D:12:     layout_roguey, kennysheep_orc_monster_closet_entryway, enter_bailey_5,
          uniq_kirke
D:13:     layout_cross
D:14:     minmay_box_of_curves, layout_basic, grunt_vaults_entry_tiered,
          minivault_23
D:15:     grunt_enter_depths_hoard, layout_long_grid, serial_shops,
          nicolae_square_shop, minmay_statues_item, serial_bayou_crossing,
          uniq_rupert
Temple:   regret_index_temple_mists
Lair:1:   layout_roguey, ebering_ghost_reflecting_pool, gauntlet_entry_generic
Lair:2:   layout_loops_ring, minmay_snake_entry_six_corridors,
          gammafunk_ghost_split, chequers_serial_rivers_room_b, uniq_fannar,
          uniq_erica
Lair:3:   layout_chaotic_city, swamp_mist, eino_small_chamber_without_monster,
          grunt_megastairs_4, lemuel_fruit_fields, lemuel_fruit_tree,
          serial_bayou_shore_b, uniq_snorg
Lair:4:   layout_regular_city, portal_ice_cave_entry_pillars_1,
          serial_bayou_ford_a, patterned_corridor, uniq_nessos
Lair:5:   layout_misc_corridors, infiniplex_staircase_pool
Swamp:1:  layout_basic_swamp, wheals_swamp_sinkhole
Swamp:2:  layout_falls_marsh, evilmike_swamp_ruin_rubble_2,
          statue_in_the_mist_lemuel, beargit_kiku_chapel
Swamp:3:  layout_falls_marsh, nicolae_swamp_small_spring
Swamp:4:  nzn_swamp_witches_coven, layout_basic_swamp
Snake:1:  layout_gridlike, nicolae_alphabet_shops
Snake:2:  layout_chambers
Snake:3:  layout_chambers, nrook_guardian_serpent_double, uniq_vashnia
Snake:4:  grunt_snake_rune_pools, layout_misc_corridors,
          nicolae_shop_firing_range
Orc:1:    layout_caves, uniq_jorgrun, uniq_sonja
Orc:2:    st_orc_town, layout_diamond_mine, basic_altar
Vaults:1: nicolae_vaults_network_s, vaults_standard_mumra_x,
          vaults_mumra_minichess, v_misc_11, grunt_vaults_focal,
          vaults_room_semicircle, vaults_dpeg_ring, hangedman_vaults_corner,
          vaults_dpeg_hooks, vaults_mumra_minichess_inversion, v_misc_15,
          vaults_room_grid, layout_vaults_big_cross, uniq_aizul
Vaults:2: hangedman_vaults_stream, nicolae_vaults_little_squares_3,
          ontoclasm_vaults_loading_screen, v_alt_pattern_5,
          hangedman_vaults_slice, vaults_dpeg_diagonal, v_rooms_2,
          nicolae_vaults_fighting_squares, v_misc_17,
          vaults_room_stairs_pillars, vaults_room_fours,
          nicolae_vaults_twisting_passages, nicolae_vaults_little_ls,
          layout_vaults_maze, serial_shops, nicolae_shop_statue_plus
Vaults:3: blue_anna_dwarven_crypt, v_rooms_3, dpeg_vaults_waves,
          nicolae_vaults_little_squares_2, vaults_room_large_hall,
          ontoclasm_vaults_twist, vaults_room_corners,
          ontoclasm_vaults_ligature, layout_vaults_omnigrid
Vaults:4: gammafunk_vaults_ghost_split, v_misc_19, nicolae_vaults_shelves_hall,
          dpeg_vaults_monster_box, vaults_room_door_hall,
          nicolae_vaults_stairing_the_circle, nicolae_vaults_minivaults,
          nicolae_vaults_network_barrier, v_misc_15,
          nicolae_vaults_network_periphery, nicolae_vaults_gold_heap,
          vaults_room_fours, vaults_room_stairs_pillars, layout_vaults_ring,
          serial_shops, nicolae_shop_trees, portal_desolation_entry_twin_temple
Vaults:5: serial_shops, uniq_margery

Skill      XL: |  1  2  3  4  5  6  7  8  9 10 11 12 13 14 15 16 17 18 19 20 21 22 |
---------------+-------------------------------------------------------------------+-----
Axes           | 3 5 7 8 10 11 13 14 16 18 | 18.1
Armour         | 4 5 6 7 8 9 10 11 12 13 14 15 16 17 19 20 | 20.0
Fighting       | 4 5 6 7 8 9 10 12 13 14 15 16 18 19 20 21 | 21.3
Shields        | 4 5 6 7 8 10 13 15 | 15.0
Dodging        | 1 5 8 10 | 10.1
Invocations    | 1 3 6 7 9 10 12 14 15 | 15.0
Evocations     | 1 4 7 9 12 14 | 14.0
Throwing       | 1 4 5 6 8 10 11 12 | 12.0
Stealth        | |  0.2

Action                   |  1- 3 |  4- 6 |  7- 9 | 10-12 | 13-15 | 16-18 | 19-21 | 22-24 || total
-------------------------+-------+-------+-------+-------+-------+-------+-------+-------++-------
Melee: War axe           |    57 |    86 |   307 |   417 |   390 |       |       |       ||  1257
       Hand axe          |       |       |       |       |    58 |     6 |    61 |       ||   125
       Broad axe         |       |       |       |       |   472 |   843 |  1444 |   371 ||  3130
Throw: Javelin           |       |       |     1 |       |       |     2 |       |       ||     3
Invok: Divine Shield     |       |       |     1 |     1 |     1 |     2 |     3 |       ||     8
       Cleansing Flame   |       |       |       |     1 |       |       |       |     2 ||     3
       Summon Divine War |       |       |       |       |     1 |       |       |     3 ||     4
Evoke: Wand              |       |       |       |       |       |    17 |     6 |     5 ||    28
       Box of beasts     |       |       |       |       |       |     1 |       |       ||     1
       Phantom mirror    |       |       |       |       |       |     1 |       |       ||     1
  Use: Scroll            |     4 |     2 |     9 |     3 |    14 |    12 |     6 |     4 ||    54
       Potion            |     1 |     1 |     8 |     3 |     4 |     6 |     5 |     9 ||    37
Armor: Scale mail        |    21 |    41 |    22 |       |       |       |       |       ||    84
       Plate armour      |       |       |   119 |   252 |   308 |   262 |   624 |   167 ||  1732
Dodge: Dodged            |    21 |    21 |    52 |    80 |   155 |   116 |   214 |    76 ||   735
Block: Kite shield       |    33 |    49 |   180 |   343 |   404 |   305 |   626 |   173 ||  2113
